[Event "FIDE World Rapid-ch Open 2018"]
[White "Zubritskiy, Artyom"]
[Black "Mamatov, Melis"]
[Site "St. Petersburg"]
[Round "14.95"]
[Annotator "NA"]
[Result "1-0"]
[Date "2018.12.28"]
[WhiteElo "2442"]
[BlackElo "2223"]
[PlyCount "113"]
[TimeControl "900+10"]

1. c4 c6 2. g3 d5 3. Bg2 Nf6 4. Nf3 Bf5 5. b3 e6 6. 0-0 Nbd7 7. d3 h6 8. Bb2 Be7 9. Nbd2 0-0 10. Qc2 a5 11. a3 Bg6 12. Rad1 b5 13. Nd4 Qb6 14. cxd5 cxd5 15. Qc6 b4 16. Qxb6 Nxb6 17. Nc6 Bd6 18. a4 Rfc8 19. Rc1 Nbd7 20. Rc2 Kf8 21. Rfc1 Ke8 22. Nxb4 Nc5 23. Na2 Kd7 24. Bd4 Na6 25. Rxc8 Rxc8 26. Rxc8 Kxc8 27. Bc3 Bb4 28. Nxb4 axb4 29. Bd4 Ne8 30. e4 f6 31. Bh3 f5 32. exd5 exd5 33. Nf1 Kd7 34. Ne3 Ke6 35. Kf1 Bh7 36. Ke2 g6 37. f4 Bg8 38. g4 Bh7 39. Kd2 Nec7 40. gxf5+ gxf5 41. Nc2 Bg6 42. Bg7 Nc5 43. Nd4+ Kf7 44. Bxh6 N7e6 45. Nxe6 Kxe6 46. Kc2 Kd7 47. Bf8 Ne6 48. Bxb4 Nxf4 49. Bf1 Ne6 50. Bc3 d4 51. Be1 f4 52. Bh3 Kd6 53. Bxe6 Kxe6 54. Bf2 Kd5 55. b4 f3 56. h4 Be8 57. a5 1-0

[Event "FIDE World Rapid-ch Open 2018"]
[White "Masrahi, Abdulrahman A"]
[Black "Hirneise, Tobias"]
[Site "St. Petersburg"]
[Round "14.96"]
[Annotator "ChessBase"]
[Result "0-1"]
[Date "2018.12.28"]
[WhiteElo "1903"]
[BlackElo "2464"]
[PlyCount "38"]
[TimeControl "900+10"]

1. d4 Nf6 2. Bf4 g6 3. e3 Bg7 4. Nf3 0-0 5. Be2 d6 6. h3 c5 7. c3 Be6 8. 0-0 Qb6 9. Qc1 Rc8 10. Nbd2 cxd4 11. exd4 Nd5 12. Be3 Nxe3 13. fxe3 h6 14. Kh1 Nc6 15. Ne4 f5 16. Ng3 Rf8 17. Qd2 d5 18. Bd3 Qc7 19. Rae1 Qxg3 0-1

[Event "FIDE World Rapid-ch Open 2018"]
[White "Ahmed Hassan Abdillahi"]
[Black "Gurvich, Vitaly"]
[Site "St. Petersburg"]
[Round "14.97"]
[Annotator "NA"]
[Result "0-1"]
[Date "2018.12.28"]
[WhiteElo "1570"]
[BlackElo "2270"]
[PlyCount "54"]
[TimeControl "900+10"]

1. d4 Nf6 2. c4 e6 3. Nf3 Bb4+ 4. Nc3 b6 5. a3 Bxc3+ 6. bxc3 Bb7 7. Bg5 h6 8. Bh4 d6 9. e3 Nbd7 10. Bd3 g5 11. Bg3 Ne4 12. Qc2 f5 13. 0-0 Qe7 14. Nd2 Ndf6 15. h3 0-0-0 16. a4 a5 17. Nb3 Nxg3 18. fxg3 h5 19. c5 dxc5 20. dxc5 Ne4 21. cxb6 cxb6 22. Nd4 h4 23. g4 Ng3 24. Rf2 fxg4 25. hxg4 h3 26. gxh3 Rxh3 27. Nxe6 Rh1# 0-1

[Event "FIDE World Rapid-ch Open 2018"]
[White "Vorotnikov, Vladislav V"]
[Black "Al Thebaiti, Ahmed M"]
[Site "St. Petersburg"]
[Round "14.98"]
[Annotator "NA"]
[Result "1/2-1/2"]
[Date "2018.12.28"]
[WhiteElo "2417"]
[BlackElo "1976"]
[PlyCount "97"]
[TimeControl "900+10"]

1. e4 d5 2. Nc3 d4 3. Nce2 e5 4. Ng3 c5 5. Bc4 Bd6 6. d3 Nf6 7. Nf3 0-0 8. 0-0 Nc6 9. a4 Be6 10. Nd2 Bxc4 11. Nxc4 Re8 12. Nf5 Bf8 13. f4 g6 14. fxe5 Nxe5 15. Nxe5 Rxe5 16. Bf4 Re6 17. Nh6+ Bxh6 18. Bxh6 Qd7 19. b3 Ne8 20. Qg4 Rd6 21. Qg3 b6 22. Rf3 Rf6 23. Raf1 Rxf3 24. Rxf3 Rc8 25. h4 Rc6 26. h5 Rf6 27. Rxf6 Nxf6 28. Qb8+ Ne8 29. Qe5 f6 30. Qg3 Kf7 31. hxg6+ hxg6 32. Bf4 Ng7 33. Bb8 Ne6 34. Qh2 Kg7 35. Qd6 Qxd6 36. Bxd6 Nd8 37. a5 Nb7 38. axb6 axb6 39. Bc7 b5 40. Kf2 Kf7 41. Kf3 Ke6 42. Bb6 Ke5 43. g3 b4 44. Bc7+ Ke6 45. Kf4 Kd7 46. e5 f5 47. Bb8 Ke6 48. Kg5 Kf7 49. Bc7 1/2-1/2

[Event "FIDE World Rapid-ch Open 2018"]
[White "khayat, Abdullah F"]
[Black "Dubrovin, Robert"]
[Site "St. Petersburg"]
[Round "14.99"]
[Annotator "NA"]
[Result "0-1"]
[Date "2018.12.28"]
[WhiteElo "1723"]
[BlackElo "2220"]
[PlyCount "58"]
[TimeControl "900+10"]

1. d4 Nf6 2. c4 g6 3. Nc3 Bg7 4. e4 d6 5. Nf3 0-0 6. Be2 Nbd7 7. 0-0 e5 8. dxe5 dxe5 9. Qc2 c6 10. Be3 Qe7 11. Rfd1 a5 12. a4 Nc5 13. Rd2 h6 14. h3 Nh5 15. Rad1 Nf4 16. Bf1 Re8 17. Rd6 Nfe6 18. Qc1 Nb3 19. Qc2 Nbd4 20. Bxd4 exd4 21. Rxe6 Bxe6 22. Nxd4 Rad8 23. Nxe6 Qxe6 24. Rxd8 Rxd8 25. f3 Qd6 26. Qb3 Qc5+ 27. Kh1 Qf2 28. Be2 Qe1+ 29. Kh2 Be5+ 0-1

[Event "FIDE World Rapid-ch Open 2018"]
[White "Alsulaymi, Abdullah M"]
[Black "Al Turky, Fahad A"]
[Site "St. Petersburg"]
[Round "14.100"]
[Annotator "NA"]
[Result "1-0"]
[Date "2018.12.28"]
[WhiteElo "1833"]
[BlackElo "1836"]
[PlyCount "73"]
[TimeControl "900+10"]

1. e4 c5 2. b4 e5 3. bxc5 Bxc5 4. Nf3 Nc6 5. Bb2 d6 6. Be2 Bxf2+ 7. Kxf2 Qb6+ 8. Ke1 Qxb2 9. Nc3 Qb6 10. Rb1 Qd8 11. Bc4 Nf6 12. d3 0-0 13. h3 Nh5 14. Nd5 Be6 15. Rxb7 Na5 16. Rb1 Nxc4 17. dxc4 f5 18. exf5 Bf7 19. h4 Ng3 20. Rh3 Nxf5 21. Ng5 h6 22. Nxf7 Rxf7 23. Qg4 Qa5+ 24. c3 Qxa2 25. Rd1 Raf8 26. Rf3 Qa5 27. Rxf5 Rxf5 28. Ne7+ Kh7 29. Nxf5 Qxc3+ 30. Rd2 g6 31. Ne7 Rf6 32. h5 g5 33. Qe4+ Kg7 34. Nf5+ Kf8 35. Qa8+ Kf7 36. Qb7+ Ke6 37. Ng7# {[%emt 0:0:7] Kd5} 1-0